 Dungeon Crawl Stone Soup version 0.20.0 (webtiles) character file.

236 SpeedrunTech the Chopper (level 5, -4/48 HPs)
             Began as a Minotaur Berserker on June 11, 2017.
             Was a Believer of Trog.
             Slain by Pikel
             ... wielding a +1 whip of flaming
              (6 damage)
             ... on level 8 of the Dungeon.
             The game lasted 00:01:11 (1210 turns).

SpeedrunTech the Chopper (Minotaur Berserker)       Turns: 1210, Time: 00:01:11

Health: -4/48      AC:  4    Str: 26 (27) XL:     5   Next: 77%
Magic:  4/4        EV: 12    Int:  3 (4)  God:    Trog [**....]
Gold:   33         SH:  0    Dex:  9 (10) Spells: 4/4 levels left

rFire    . . .     SeeInvis .   a - +2 hand axe
rCold    . . .     Gourm    .   (no shield)
rNeg     . . .     Faith    .   b - +0 animal skin
rPois    .         Spirit   .   n - +2 hat
rElec    .         Reflect  .   (no cloak)
rCorr    .         Harm     .   (no gloves)
MR       .....                  (no boots)
Stlth    +.........             (no amulet)
Regen    0.2/turn               (no ring)
MPRegen  0.1/turn               (no ring)

@: mighty, berserk cooldown, slowed, very slow
A: retaliatory headbutt, horns 2
a: Berserk, Trog's Hand, Burn Spellbooks, Renounce Religion


You were on level 8 of the Dungeon.
You worshipped Trog.
Trog was pleased with you.
You were not hungry.

You visited 1 branch of the dungeon, and saw 8 of its levels.

You collected 33 gold pieces.

Inventory:

Hand Weapons
 a - a +2 hand axe (weapon)
Armour
 b - a +0 animal skin (worn)
 k - a +2 hat
 n - a +2 hat (worn)
Jewellery
 d - an uncursed ring of fire
Scrolls
 m - a scroll of teleportation {unknown}
 o - a scroll of remove curse {unknown}
 p - 2 scrolls of amnesia {unknown}
Potions
 f - a potion of degeneration {!q!q}
 h - a potion of invisibility {unknown}
 j - 2 potions of curing {unknown}
 l - a potion of lignification {unknown}
Comestibles
 c - a bread ration
 i - a royal jelly


   Skills:
 + Level 5.5 Fighting
 * Level 6.7 Axes
 - Level 2.4 Armour
 - Level 2.1 Dodging


You had 4 spell levels left.
You didn't know any spells.

Dungeon Overview and Level Annotations

Branches:
Dungeon (8/15)             Temple (0/1) D:7
   Lair: D:8-11

Altars:
Xom

Annotations:
D:8 Pikel


Innate Abilities, Weirdness & Mutations

You reflexively headbutt those who attack you in melee.
You have a pair of horns on your head.


Message History

Pikel is moderately wounded.
Pikel hits you with a whip of flaming. Pikel burns you.
* * * LOW HITPOINT WARNING * * *
Pikel hits you with a whip of flaming.
* * * LOW HITPOINT WARNING * * *
Pikel burns you.
* * * LOW HITPOINT WARNING * * *
You closely miss Pikel.
Pikel is moderately wounded.
Pikel hits you with a whip of flaming.
* * * LOW HITPOINT WARNING * * *
Pikel burns you.
* * * LOW HITPOINT WARNING * * *
Unknown command.
Unknown command.
It was a potion of degeneration.
There was something very wrong with that liquid.
You feel weakened.
You feel dopey.
You feel clumsy. Pikel hits you with a whip of flaming.
You die...

# #. #.
#.. #
#..### .#
#..pp# .#
#K##.###.
#@#.$....
+...#
#...#
#.#.#
#.#.#
#.#.#
#.#.#
#.#.#
#.#..


You could see Pikel and 2 slaves.

Vanquished Creatures
  A slave (D:8)
  A centaur (D:6)
  The ghost of SpeedrunTech the Chopper, a weakling MiBe of Trog (D:3)
  A jelly (D:5)
  An iguana (D:7)
  A worker ant (D:6)
  A worm (D:3)
  4 orcs
  2 giant cockroaches (D:2)
  A goblin (D:3)
  3 hobgoblins
  2 kobolds (D:2)
  2 quokkas
  3 bats
  A frilled lizard (D:3)
  A jackal skeleton (D:4)
  A rat (D:2)
27 creatures vanquished.

Notes
Turn   | Place    | Note
-------+----------+-------------------------------------------
     0 | D:1      | SpeedrunTech the Minotaur Berserker began the quest for the Orb.
     0 | D:1      | Reached XP level 1. HP: 19/19 MP: 0/0
    95 | D:2      | Reached skill level 4 in Axes
   158 | D:2      | Reached XP level 2. HP: 27/27 MP: 1/1
   286 | D:3      | Noticed SpeedrunTech's ghost (weakling MiBe)
   294 | D:3      | Killed SpeedrunTech's ghost
   294 | D:3      | Reached skill level 5 in Axes
   294 | D:3      | Reached XP level 3. HP: 34/34 MP: 2/2
   438 | D:3      | Reached XP level 4. HP: 27/41 MP: 3/3
   767 | D:4      | Reached ** piety under Trog
   801 | D:5      | Entered Level 5 of the Dungeon
   816 | D:5      | Found a shimmering altar of Xom.
   907 | D:6      | Noticed a centaur
   914 | D:6      | Killed a centaur
   914 | D:6      | Reached skill level 5 in Fighting
   914 | D:6      | Reached skill level 6 in Axes
   914 | D:6      | Reached XP level 5. HP: 38/48 MP: 4/4
  1148 | D:7      | Found a staircase to the Ecumenical Temple.
  1180 | D:8      | Noticed a slave
  1181 | D:8      | Noticed a slave
  1183 | D:8      | Noticed a slave
  1185 | D:8      | Noticed Pikel
  1187 | D:8      | Killed a slave
  1188 | D:8      | Noticed a slave
  1209 | D:8      | HP: 3/48 [Pikel/whip of flaming (5)]
  1210 | D:8      | Slain by Pikel

Skill      XL: |  1  2  3  4 |
---------------+-------------+-----
Axes           | 4 5 6 |  6.7
Fighting       | 4 5 |  5.5
Armour         | |  2.4
Dodging        | |  2.1

Action                   |  1- 3 |  4- 6 || total
-------------------------+-------+-------++-------
Melee: Hand axe          |    32 |    36 ||    68
       Headbutt          |     6 |     8 ||    14
Invok: Berserk           |     3 |     3 ||     6
       Burn Spellbooks   |     1 |       ||     1
  Use: Scroll            |       |     2 ||     2
       Potion            |       |     2 ||     2
 Stab: Sleeping          |       |     1 ||     1
  Eat: Chunk             |       |     5 ||     5
       Bread ration      |       |     1 ||     1
Armor: Animal skin       |     3 |     8 ||    11
Dodge: Dodged            |    21 |    20 ||    41
